Selects Airborne Battlegroup
Selects Heavy Machine Gun Paradrop
Selects Smoke Bombing Run
Heavy Machine Gun Paradrop
Mechanized Support Center
Heavy Machine Gun Paradrop
M1918 Browning Automatic Rifles
Heavy Machine Gun Paradrop
Construct Weapon Support Center
M3 Armored Personnel Carrier
Designate Forward Repair Station
Selects Paratrooper Squad Paradrop
Heavy Machine Gun Paradrop
Selects Anti-tank Gun Team Paradrop
Anti-tank Gun Team Paradrop
Designate Forward Repair Station
Anti-tank Gun Team Paradrop
Heavy Machine Gun Paradrop
Selects Carpet Bombing Run
M4(105) Sherman Bulldozer